 Dungeon Crawl Stone Soup version 0.31-a0-846-gb3bcc0d938 (webtiles) character file.

Game seed: 131038444845372267

9 Danienth the Covert (level 2, -3/29 HPs)
             Began as a Gnoll Delver on Oct 3, 2023.
             Slain by a white imp (4 damage)
             ... on level 6 of the Dungeon.
             The game lasted 00:01:27 (189 turns).

Danienth the Covert (Gnoll Delver)                   Turns: 189, Time: 00:01:28

Health: -3/29      AC:  3    Str: 11    XL:     2   Next: 12%
Magic:  2/2        EV: 13    Int:  9    God:
Gold:   0          SH:  0    Dex: 13    Spells: 1/1 levels left

rFire   . . .        a - +0 hand axe
rCold   . . .        (no shield)
rNeg    . . .        b - +0 leather armour
rPois   .            (no helmet)
rElec   .            (no cloak)
rCorr   .            (no gloves)
SInv    .            (no boots)
Will    .....        (no amulet)
Stlth   +++          (no ring)
HPRegen 0.24/turn    (no ring)
MPRegen 0.08/turn

%: no passive effects
@: silenced
A: fangs 1, strong nose, distributed training
a: no special abilities


You were on level 6 of the Dungeon.
You visited 1 branch of the dungeon, and saw 2 of its levels.

Inventory:

Hand Weapons
 a - a +0 hand axe (weapon)
Armour
 b - a +0 leather armour (worn)
Wands
 g - a wand of digging (3)
Scrolls
 c - a scroll of fog
 d - a scroll of revelation
 e - a scroll of fear
Potions
 f - a potion of haste


   Skills:
 + Level 6.4 Fighting
 + Level 0.3 Short Blades
 + Level 0.3 Long Blades
 + Level 4.4 Axes
 + Level 0.3 Maces & Flails
 + Level 0.3 Polearms
 + Level 0.3 Staves
 + Level 0.3 Ranged Weapons
 + Level 0.3 Throwing
 + Level 0.3 Armour
 + Level 4.4 Dodging
 + Level 9.5 Stealth
 + Level 0.3 Shields
 + Level 0.3 Unarmed Combat
 + Level 0.3 Spellcasting
 + Level 0.2 Conjurations
 + Level 0.2 Hexes
 + Level 0.2 Summonings
 + Level 0.2 Necromancy
 + Level 0.2 Translocations
 + Level 0.2 Transmutations
 + Level 0.2 Fire Magic
 + Level 0.2 Ice Magic
 + Level 0.2 Air Magic
 + Level 0.2 Earth Magic
 + Level 0.2 Poison Magic
 + Level 0.4 Invocations
 + Level 0.3 Evocations
 + Level 0.2 Shapeshifting


You had one spell level left.
You didn't know any spells.
Your spell library was empty.

Dungeon Overview and Level Annotations

Branches:
Dungeon (6/15)
 Temple: D:4-7

Altars:

Annotations:
D:5 Dowan, Duvessa


Innate Abilities, Weirdness & Mutations

You have very sharp teeth.
Your uncanny sense of smell can sniff out nearby items.
Your experience applies equally to all skills.


Message History

You see here a scroll labelled IQAON ANLOUROT.
h - a scroll labelled IQAON ANLOUROT The white imp gestures at you.
The puff of frost hits you.
You close the door.
Something unseen opens the door.
You sense a monster nearby.
As you read the scroll labelled IQAON ANLOUROT, it crumbles to dust.
A profound silence engulfs you.
It was a scroll of silence.
You are too injured to fight recklessly!
There is an open door here.
You closely miss the white imp. The white imp barely misses you.
Cleave: a) +0 hand axe
Press: ? - help, Dir - move target, f - white imp
Aim: a white imp (silenced, unaffected by silence, about 36% to evade your +0 hand axe)
You hit the white imp but do no damage. The white imp closely misses you.
Cleave: a) +0 hand axe
Press: ? - help, Dir - move target, f/p - white imp
Aim: a white imp (silenced, unaffected by silence, about 36% to evade your +0 hand axe)
You hit the white imp.
The white imp is moderately wounded.
The white imp gestures at you. The puff of frost hits you.
Cleave: a) +0 hand axe
Press: ? - help, Dir - move target, f/p - white imp
Aim: a white imp (silenced, moderately wounded, unaffected by silence, about 36% to evade your +0 hand axe)
You hit the white imp.
The white imp is severely wounded.
The white imp gestures at you. The puff of frost hits you!
* * * LOW HITPOINT WARNING * * *
Cleave: a) +0 hand axe
Press: ? - help, Dir - move target, f/p - white imp
Aim: a white imp (silenced, severely wounded, unaffected by silence, about 36% to evade your +0 hand axe)
You barely miss the white imp.
The white imp is severely wounded.
The white imp hits you.
* * * LOW HITPOINT WARNING * * *
The white imp freezes you.
You die...

#############
............#
..........(.#
............#
............#
............#
########@####
.......5.#
.........#
.........#
#######'##
#.....#
#.....#
#.....#
#.....#


You could see a white imp (unsilenced).

Vanquished Creatures
  An adder (D:6)
1 creature vanquished.

Notes
Turn   | Place    | Note
-------+----------+-------------------------------------------
     0 | D:5      | Reached skill level 9 in Stealth
     0 | D:5      | Danienth the Gnoll Delver began the quest for the Orb.
     0 | D:5      | Reached XP level 1. HP: 23/23 MP: 1/1
     0 | D:5      | Noticed Duvessa
     0 | D:5      | Noticed Dowan
    50 | D:6      | Reached XP level 2. HP: 29/29 MP: 2/2
   189 | D:6      | HP: 1/29 [white imp (2)]
   189 | D:6      | Slain by a white imp

Illustrated notes

Levels and vault maps discovered:
D:5:      layout_loops_corners, fedhas_altar_2, uniq_pikel, uniq_duvessa
D:6:      layout_gridville, lemuel_doored_altar,
          minmay_temple_entry_antechambers, serial_shops, shop,
          uniq_blork_the_orc

Skill      XL: | |
---------------+-+-----
Stealth        | |  9.5
Fighting       | |  6.4
Short Blades   | |  0.3
Long Blades    | |  0.3
Axes           | |  4.4
Maces & Flails | |  0.3
Polearms       | |  0.3
Staves         | |  0.3
Ranged Weapons | |  0.3
Throwing       | |  0.3
Armour         | |  0.3
Dodging        | |  4.4
Shields        | |  0.3
Unarmed Combat | |  0.3
Spellcasting   | |  0.3
Conjurations   | |  0.2
Hexes          | |  0.2
Summonings     | |  0.2
Necromancy     | |  0.2
Translocations | |  0.2
Transmutations | |  0.2
Fire Magic     | |  0.2
Ice Magic      | |  0.2
Air Magic      | |  0.2
Earth Magic    | |  0.2
Poison Magic   | |  0.2
Invocations    | |  0.4
Evocations     | |  0.3
Shapeshifting  | |  0.2

Action                     || total
---------------------------++-------
  Melee: Hand axe          ||    11
         Bite              ||     2
    Use: Scroll            ||     1
   Stab: Sleeping          ||     1
 Armour: Leather armour    ||     7
  Dodge: Dodged            ||     7

Table legend: (Time is in decaauts)
 A = Elapsed time spent in this place.
 B = Non-inter-level travel time spent in this place.
 C = Inter-level travel time spent in this place.
 D = Time resting spent in this place.
 E = Time spent auto-exploring this place.
 F = Levels seen in this place.
 G = Mean time per level.
                   A        B        C        D        E       F      G
               +--------+--------+--------+--------+--------+-----+--------+
         Total |    189 |    158 |     31 |    100 |      0 |   2 |   94.5 |
       Dungeon |    189 |    158 |     31 |    100 |      0 |   2 |   94.5 |
               +--------+--------+--------+--------+--------+-----+--------+

Top non-repeatable levels by time:
     D:6: 149 daAuts
     D:5: 40 daAuts
